 Dungeon Crawl Stone Soup version 0.32-a0-799-g95e1662365 (webtiles) character file.

Game seed: 11240160987283905115

92 zenocrate the Ducker (level 4, -2/27 HPs)
             Began as an Octopode Earth Elementalist on Mar 21, 2024.
             Slain by a hobgoblin (3 damage)
             ... led by Robin
             ... on level 2 of the Dungeon.
             The game lasted 00:01:39 (1364 turns).

zenocrate the Ducker (Octopode Earth Elementalist)  Turns: 1364, Time: 00:01:40

Health: -2/27      AC:  1    Str:  9    XL:     4   Next: 60%
Magic:  7/7        EV: 12    Int: 17    God:
Gold:   53         SH:  0    Dex: 12    Spells: 3/7 levels left

rFire   . .          .
                       - Unarmed
rCold   . . .        (no shield)
rNeg    . . .        (helmet restricted)
rPois   .            (no amulet)
rElec   .            (no ring)
rCorr   .            (no ring)
SInv    .            (no ring)
Will    .....        (no ring)
Stlth   +++          (no ring)
HPRegen 0.24/turn    (no ring)
MPRegen 0.10/turn    (no ring)
                     (no ring)

%: no passive effects
@: about to teleport
A: almost no armour, amphibious, 8 rings, camouflage 1, gelatinous body 1,
(nimble swimmer 1), tentacles
a: no special abilities


You were on level 2 of the Dungeon.
You visited 1 branch of the dungeon, and saw 2 of its levels.

You collected 53 gold pieces.

Inventory:

Magical Staves
 k - a staff of alchemy
Jewellery
 b - a ring of fire
Scrolls
 c - a scroll of silence {unknown}
 e - a scroll of teleportation
 h - a scroll of enchant weapon {unknown}
 i - a scroll of blinking {unknown}
 j - a scroll of enchant armour {unknown}
Potions
 a - a potion of magic
 d - a potion of resistance {unknown}
 f - a potion of might {unknown}
 g - a potion of brilliance {unknown}
 l - a potion of heal wounds {unknown}


   Skills:
 + Level 3.2 Dodging
 - Level 2.6 Stealth
 + Level 3.1 Unarmed Combat
 - Level 2.0 Spellcasting
 - Level 1.0 Conjurations
 - Level 3.0 Earth Magic


You had 3 spell levels left.
You knew the following spells:

 Your Spells              Type           Power      Damage    Failure   Level
a - Sandblast             Erth           22%        2d7       5%          1
b - Stone Arrow           Conj/Erth      16%        3d8       26%         3

Your spell library contained the following spells:

 Spells                   Type           Power      Damage    Failure   Level
 Passwall                 Erth           11%        N/A       17%         3
 Brom's Barrelling Bould  Conj/Erth      8%         2d3       63%         4
 Petrify                  Alch/Erth      6%         N/A       71%         4


Dungeon Overview and Level Annotations

Branches:
Dungeon (2/15)

Altars:


Innate Abilities, Weirdness & Mutations

You cannot wear most types of armour.
You are amphibious.
You can wear up to eight rings at the same time.
Your skin changes colour to match your surroundings (Stealth+).
Your rubbery body absorbs attacks. (AC +1, EV +1)
((You are camouflaged when in or above water. (Stealth+)))
You have tentacles for arms and can constrict up to eight enemies at once.


Message History

Unknown command.
You closely miss the goblin. You grab the goblin.
The goblin is moderately wounded.
You constrict the goblin.
You kill the goblin!
Unknown command.
Robin hits you with a +0 mace. The hobgoblin barely misses you.
The hobgoblin hits you.
The hobgoblin hits you but does no damage.
You tentacle-slap Robin. You grab Robin.
Robin is moderately wounded.
You constrict Robin. Robin completely misses you.
The hobgoblin barely misses you. x3
Unknown command.
You tentacle-slap Robin.
Robin is severely wounded.
You constrict Robin.
Robin escapes!
The hobgoblin hits you. The goblin closely misses you.
The hobgoblin barely misses you. The hobgoblin closely misses you.
Unknown command.
Okay, then.
Okay, then.
You tentacle-slap Robin.
You kill Robin!
The hobgoblin hits you. The hobgoblin misses you. The hobgoblin hits you.
* * * LOW HITPOINT WARNING * * *
The goblin hits you with a +0 dagger.
* * * LOW HITPOINT WARNING * * *
The goblin barely misses you.
Unknown command.
Okay, then.
The hobgoblin attacks as it pursues you!
The hobgoblin barely misses you. The hobgoblin hits you!
* * * LOW HITPOINT WARNING * * *
Unknown command.
As you read the scroll labelled KUR ZUFFIJ, it crumbles to dust.
You feel strangely unstable.
It was a scroll of teleportation.
The hobgoblin misses you. The hobgoblin closely misses you.
The hobgoblin hits you.
You die...

#......# ......### .......
#.....# #.#.....#
##.#.....# #
.......>........gg.####.##
...........#.#..ggg.......
................@g......$.
..........................
..........##.#.....####...
...................# #
.........###...#...####...
......g...................
...............##..####.#
..............####.####.##
..............####))......


You could see 4 hobgoblins and 2 goblins.

Vanquished Creatures
  Jessica (D:2)
  Robin (D:2)
  An adder (D:2)
  A dart slug (D:1)
  4 orcs (D:2)
  2 endoplasms
  A giant cockroach (D:2)
  10 goblins
  3 hobgoblins (D:1)
  2 quokkas (D:1)
  3 ball pythons (D:1)
  2 bats (D:1)
  2 frilled lizards
  2 kobolds (D:1)
  5 rats
40 creatures vanquished.

Notes
Turn   | Place    | Note
-------+----------+-------------------------------------------
     0 | D:1      | zenocrate the Octopode Earth Elementalist began the quest
                  | for the Orb.
     0 | D:1      | Reached XP level 1. HP: 11/11 MP: 3/3
    41 | D:1      | Reached skill level 1 in Unarmed Combat
   197 | D:1      | Reached XP level 2. HP: 9/17 MP: 5/5
   826 | D:1      | Reached XP level 3. HP: 21/21 MP: 6/6
   830 | D:1      | Learned a level 3 spell: Stone Arrow
  1087 | D:2      | Noticed Jessica
  1105 | D:2      | Killed Jessica
  1106 | D:2      | Reached XP level 4. HP: 27/27 MP: 7/7
  1353 | D:2      | Noticed Robin
  1362 | D:2      | Killed Robin
  1363 | D:2      | HP: 1/27 [hobgoblin[Robin] (7)]
  1364 | D:2      | Slain by a hobgoblin

Illustrated notes

Levels and vault maps discovered:
D:1:      matt_arrival_grand_opening, layout_loops_corners, serial_aquarium,
          aquarium_bridge_long_joined [aquarium_subvault_bridge,
          aquarium_subvault_window, aquarium_subvault_wall,
          aquarium_subvault_balcony, aquarium_subvault_window,
          aquarium_subvault_balcony], aquarium_window_fake,
          aquarium_window_fake, aquarium_view_2a, aquarium_view_2b,
          aquarium_balcony_3a
D:2:      layout_basic, uniq_robin, uniq_jessica

Skill      XL: |  1  2  3  4 |
---------------+-------------+-----
Unarmed Combat | 1 2 3 |  3.1
Dodging        | 3 |  3.2
Stealth        | |  2.6
Spellcasting   | |  2.0
Conjurations   | |  1.0
Earth Magic    | |  3.0

Action                     |  1- 3 |  4- 6 || total
---------------------------+-------+-------++-------
  Melee: Unarmed           |    46 |    27 ||    73
         Constrict         |    17 |    11 ||    28
         Tentacles         |    13 |     3 ||    16
         Punch             |     1 |       ||     1
    Use: Scroll            |       |     1 ||     1
   Stab: Sleeping          |     6 |       ||     6
 Armour: Skin              |    11 |    19 ||    30
  Dodge: Dodged            |    19 |    35 ||    54

Table legend: (Time is in decaauts)
 A = Elapsed time spent in this place.
 B = Non-inter-level travel time spent in this place.
 C = Inter-level travel time spent in this place.
 D = Time resting spent in this place.
 E = Time spent auto-exploring this place.
 F = Levels seen in this place.
 G = Mean time per level.
                   A        B        C        D        E       F      G
               +--------+--------+--------+--------+--------+-----+--------+
         Total |   1360 |   1353 |      7 |      2 |   1112 |   2 |  680.0 |
       Dungeon |   1360 |   1353 |      7 |      2 |   1112 |   2 |  680.0 |
               +--------+--------+--------+--------+--------+-----+--------+

Top non-repeatable levels by time:
     D:1: 1085 daAuts
     D:2: 274 daAuts
